 Dungeon Crawl Stone Soup version 0.17-a0-744-gaa96792 (webtiles) character file.

186 xeno23 the Chiller (level 5, 0/35 HPs)
             Began as a Merfolk Ice Elementalist on Apr 21, 2015.
             Killed from afar by an orc wizard (5 damage)
             ... with a magic dart
             ... on level 4 of the Dungeon.
             The game lasted 00:10:18 (3036 turns).

xeno23 the Chiller (Merfolk Ice Elementalist)       Turns: 3036, Time: 00:10:19

Health: 0/35       AC:  3    Str:  9    XL:     5   Next: 66%
Magic:  8/8        EV: 13    Int: 15    God:
Gold:   94         SH:  0    Dex: 18    Spells: 2 memorised, 3 levels left

rFire  . . .     SeeInvis .     n - +0 trident
rCold  + . .     Clarity  .     a - +0 robe
rNeg   . . .     SustAb   .     (no shield)
rPois  .         Gourm    .     (no helmet)
rElec  .         Spirit   .     v - +0 cloak
rCorr  .         Warding  .     (no gloves)
rMut   .         Stasis   .     (no boots)
MR     .....                    (no amulet)
Stlth  ++........               p - +4 ring of dexterity
                                j - ring of protection from cold

@: not resistant to hostile enchantments, unstealthy
A: change form in water, swift swim
a: no special abilities


You were on level 4 of the Dungeon.
You were not hungry.

You visited 1 branch of the dungeon, and saw 4 of its levels.

You collected 94 gold pieces.

Inventory:

Hand weapons
 h - a +0 short sword
 n - a +0 trident (weapon)
 A - a +0 blowgun
 B - a +1 dagger of venom
Missiles
 z - 14 poisoned needles
Armour
 a - a +0 robe (worn)
 v - a +0 cloak (worn)
Jewellery
 j - a ring of protection from cold (left hand)
 p - a +4 ring of dexterity (right hand)
Magical devices
 x - a wand of enslavement (16)
Scrolls
 d - 3 scrolls of remove curse {unknown}
 e - 5 scrolls of teleportation {unknown}
 i - 2 scrolls of fog {unknown}
 m - 4 scrolls of identify {unknown}
 o - a scroll of blinking {unknown}
 q - 2 scrolls of enchant weapon {unknown}
 r - a scroll of immolation {unknown}
 u - a scroll of fear {unknown}
 y - a scroll of enchant armour {unknown}
Potions
 g - 2 potions of curing {unknown}
 k - a potion of agility {unknown}
 s - 2 potions of heal wounds {unknown}
 t - a potion of flight {unknown}
Books
 b - a book of Frost

   Spells                             Type                      Level
   a - Freeze                         Ice                          1
   b - Throw Frost                    Conjuration/Ice              2
   c - Ozocubu's Armour               Charms/Ice                   3
   d - Throw Icicle                   Conjuration/Ice              4
   e - Summon Ice Beast               Ice/Summoning                4
   f - Condensation Shield            Ice                          4
Comestibles
 c - a bread ration
 f - 2 beef jerkies
 l - a slice of pizza
 w - a meat ration
 C - 4 chunks of flesh


   Skills:
 - Level 2.6 Dodging
 - Level 2.3 Stealth
 - Level 2.0 Spellcasting
   Level 0.7 Conjurations
 * Level 1.2 Summonings
 + Level 6.4 Ice Magic


You had 3 spell levels left.
You knew the following spells:

 Your Spells              Type           Power        Failure   Level  Hunger
a - Freeze                Ice            ###.         1%          1    #......
c - Summon Ice Beast      Ice/Summ       ##......     54%         4    #####..


Dungeon Overview and Level Annotations

Branches:
Dungeon (4/15)
 Temple: D:4-7

Altars:
Dithmenos
Qazlal
Trog
The Shining One


Message History

The orc wizard blinks!
The kobold hits you with a dagger. The kobold hits you but does no damage.
A rat comes into view.
The kobold barely misses you. The kobold closely misses you.
The orc wizard mumbles some strange words.
The orc wizard blinks!
The orc wizard casts a spell at you. You resist with some effort.
The orc wizard casts a spell at you. The magic dart hits you!
* * * LOW HITPOINT WARNING * * *
Some of the chunks of flesh in your inventory have rotted away.
You take 7 damage.
Drink which item? (? for menu, Esc to quit)
Okay, then.
The orc wizard gestures at you while chanting.
The magic dart hits you!
You die...

####..... .........
#......# ...........
.......#
...........## ......#
#.?........#..
......#
#............#
......##
#...........#
.#...†.#
#..........###
##.##..#
##...#....#...#
...###.##
##..#@.#......# ...#
#..# ##o.###K......#
...# #..###.o##
##...o.## ÷.##
##..#o.## ##o..##
..#####...o## #....#
...##.....## ##..#..#
.........### #.w##
....
.#.........#######.o#
...
.######......o...o..#
.


You could see an orc wizard, an orc and a kobold.

Vanquished Creatures
  An orc wizard (D:3)
  A hound skeleton (D:4)
  5 adders
  An ooze (D:3)
  A worm (D:4)
  4 giant geckos
  5 orcs
  5 giant cockroaches
  6 hobgoblins
  7 jackals
  13 kobolds
  2 quokkas
  3 ball pythons
  10 bats
  3 giant newts
  12 goblins
  11 rats
90 creatures vanquished.

Notes
Turn   | Place    | Note
--------------------------------------------------------------
     0 | D:1      | xeno23, the Merfolk Ice Elementalist, began the quest for the Orb.
     0 | D:1      | Reached XP level 1. HP: 13/13 MP: 3/3
   117 | D:1      | Reached XP level 2. HP: 19/19 MP: 5/5
   247 | D:1      | Reached skill level 4 in Ice Magic
   735 | D:1      | Reached XP level 3. HP: 10/24 MP: 0/6
  1228 | D:2      | Found a shadowy altar of Dithmenos.
  1406 | D:2      | Reached skill level 5 in Ice Magic
  1471 | D:2      | Reached XP level 4. HP: 10/30 MP: 4/7
  1525 | D:2      | Learned a level 4 spell: Summon Ice Beast
  1979 | D:3      | Found a stormy altar of Qazlal.
  1979 | D:3      | Noticed an earth elemental
  1980 | D:3      | Noticed an air elemental
  1981 | D:3      | Noticed a water elemental
  1981 | D:3      | Noticed a fire elemental
  2058 | D:3      | Reached skill level 6 in Ice Magic
  2058 | D:3      | Reached XP level 5. HP: 29/35 MP: 2/8
  2224 | D:3      | Found a bloodstained altar of Trog.
  2551 | D:4      | Reached skill level 1 in Summonings
  2730 | D:4      | Found a glowing golden altar of the Shining One.
  3036 | D:4      | Killed from afar by an orc wizard

Action                   |  1- 3 |  4- 6 || total
-------------------------+-------+-------++-------
Melee: Unarmed           |     9 |       ||     9
       Short sword       |   118 |       ||   118
       Trident           |     1 |    89 ||    90
 Cast: Freeze            |    26 |    37 ||    63
 Stab: Sleeping          |     5 |     7 ||    12
  Eat: Chunk             |     2 |     6 ||     8
